 Dungeon Crawl Stone Soup version 0.20.1-1-g8b1a95d (webtiles) character file.

1774 Inarius the Purveyor of Pain (level 8, 0/60 HPs)
             Began as a Demonspawn Necromancer on July 6, 2017.
             Was an Initiate of Kikubaaqudgha.
             Slain by an unseen horror (6 damage)
             ... on level 7 of the Dungeon.
             The game lasted 00:26:33 (6533 turns).

Inarius the Purveyor of Pain (DsNe)                 Turns: 6533, Time: 00:26:34

Health: 0/60       AC:  8    Str: 11    XL:     8   Next: 80%
Magic:  17/17      EV: 11    Int: 25    God:    Kikubaaqudgha [......]
Gold:   349        SH:  0    Dex: 13    Spells: 0/16 levels left

rFire    . . .     SeeInvis .   H - +11 hand axe of Fac Zieneyd {elec, Int+5}
rCold    . . .     Gourm    .   (no shield)
rNeg     . . .     Faith    .   i - +0 ring mail
rPois    .         Spirit   .   (no helmet)
rElec    .         Reflect  .   (no cloak)
rCorr    .         Harm     .   m - +0 pair of gloves (curse)
MR       .....                  (no boots)
Stlth    +.........             (no amulet)
Regen    0.2/turn               (no ring)
MPRegen  0.2/turn               (no ring)

@: mighty, very slightly contaminated, invisible
A: hooves 1, iridescent scales 1, demonic guardian 2, high mp 1, weak 1, rot
immunity
a: Renounce Religion


You were on level 7 of the Dungeon.
You worshipped Kikubaaqudgha.
Kikubaaqudgha was noncommittal.
You were not hungry.

You visited 1 branch of the dungeon, and saw 7 of its levels.

You collected 349 gold pieces.

Inventory:

Hand Weapons
 r - a +0 whip
 H - the +11 hand axe of Fac Zieneyd (weapon) {elec, Int+5}
   (You found it on level 7 of the Dungeon)

   Occasionally, upon striking a foe, it will discharge some electrical energy
   and cause terrible harm.
   It affects your intelligence (+5).
Armour
 g - a +0 scale mail
 i - a +0 ring mail (worn)
 m - a cursed +0 pair of gloves (worn)
Magical Staves
 I - an uncursed staff of death
Jewellery
 K - an uncursed ring of protection from magic {unknown}
Wands
 h - a wand of enslavement (11/24)
 p - a wand of iceblast (5/15)
 q - a wand of disintegration (10/24)
Scrolls
 d - a scroll of amnesia {unknown}
 e - a scroll of noise {unknown}
 n - a scroll of fog {unknown}
 o - 2 scrolls of enchant weapon {unknown}
 t - 3 scrolls of magic mapping {unknown}
 u - 4 scrolls of remove curse {unknown}
 y - a scroll of immolation {unknown}
 F - a scroll of recharging {unknown}
 G - a scroll of identify
Potions
 a - 2 potions of might
 f - 5 potions of haste
 j - 2 potions of invisibility
 s - a potion of lignification
 v - 2 potions of curing {unknown}
 w - 2 potions of degeneration {unknown}
 z - a potion of agility {unknown}
 A - 3 potions of berserk rage {unknown}
 D - a potion of flight {unknown}
Books
 b - a book of Necromancy

   Spells                             Type                      Level
   a - Pain                           Necromancy                   1
   b - Animate Skeleton               Necromancy                   1
   c - Vampiric Draining              Necromancy                   3
   d - Regeneration                   Charms/Necromancy            3
   e - Animate Dead                   Necromancy                   4
   f - Control Undead                 Necromancy                   4
 B - a book of Minor Magic

   Spells                             Type                      Level
   a - Magic Dart                     Conjuration                  1
   b - Blink                          Translocation                2
   c - Call Imp                       Summoning                    2
   d - Slow                           Hexes                        2
   e - Conjure Flame                  Conjuration/Fire             3
   f - Mephitic Cloud                 Conjuration/Poison/Air       3
 C - a book of Conjurations

   Spells                             Type                      Level
   a - Magic Dart                     Conjuration                  1
   b - Searing Ray                    Conjuration                  2
   c - Dazzling Spray                 Conjuration/Hexes            3
   d - Fulminant Prism                Conjuration/Hexes            4
   e - Force Lance                    Conjuration/Translocation    4
   f - Iskenderun's Mystic Blast      Conjuration                  4
 J - a book of Debilitation

   Spells                             Type                      Level
   a - Corona                         Hexes                        1
   b - Slow                           Hexes                        2
   c - Inner Flame                    Hexes/Fire                   3
   d - Portal Projectile              Hexes/Translocation          3
   e - Cause Fear                     Hexes                        4
   f - Leda's Liquefaction            Hexes/Earth                  4
Comestibles
 c - 6 bread rations
 k - 4 royal jellies
 x - 5 fruits
 E - 3 meat rations


   Skills:
 * Level 3.8 Fighting
 * Level 3.5 Armour
 + Level 2.0 Dodging
 - Level 1.7 Stealth
 + Level 4.9 Spellcasting
 * Level 3.1 Charms
 * Level 9.0 Necromancy
 * Level 1.6 Evocations


You couldn't memorise any spells.
You knew the following spells:

 Your Spells              Type           Power        Failure   Level  Hunger
a - Pain                  Necr           ####         1%          1    None
b - Animate Skeleton      Necr           N/A          1%          1    None
c - Vampiric Draining     Necr           ######....   1%          3    ##.....
d - Regeneration          Chrm/Necr      #####.....   4%          3    ##.....
e - Animate Dead          Necr           N/A          4%          4    ####...
f - Control Undead        Necr           ######....   4%          4    ####...


Dungeon Overview and Level Annotations

Branches:
Dungeon (7/15)             Temple (0/1) D:7

Altars:
Ashenzari
Kikubaaqudgha
Nemelex Xobeh
Qazlal
Sif Muna
Vehumet
Yredelemnul
Zin

Annotations:
D:3 2 transporters


Innate Abilities, Weirdness & Mutations

You are partially covered in iridescent scales. (AC +2)
A demonic guardian rushes to your aid.
You are immune to rotting.
You have large cloven feet.
You have an increased reservoir of magic. (+10% MP)
You are weak. (Str -2)


Message History

Something hits you. Something hits you.
* * * LOW HITPOINT WARNING * * *
You miss something. Your kick misses something. Something hits you.
* * * LOW HITPOINT WARNING * * *
Something hits you but does no damage.
You barely miss something. Your kick misses something.
Your skin stops crawling.
Something hits you!
* * * LOW HITPOINT WARNING * * *
You fade into invisibility!
Something hits you but does no damage.
You are very lightly contaminated with residual magic.
You feel very mighty all of a sudden. Something hits you.
* * * LOW HITPOINT WARNING * * *
Something hits you but does no damage. Something hits you.
You die...
Kikubaaqudgha rasps: "You have failed me!
Welcome... death!"

.⌠...........###..####....
.........).....#..####.#..
.>.⌠.........#.........#.
.........(...####.##.....
.⌠............###.....##.
#...........>..##..####
#.........#..#..##
#####.######..<..#
#.@..####....###
######.#....#....#
.###.........####.......
.............# ###.#.#
.............# ....
###..........# ...
##......?..# ..
#.........# #.........#


There were no monsters in sight!

Vanquished Creatures
  Sigmund (D:3)
  A yak (D:4)
  A sky beast (D:5)
  2 phantoms
  Blork the orc (D:5)
  A wyvern skeleton (D:6)
  2 scorpions
  A howler monkey (D:5)
  A bullfrog zombie (D:6)
  A bullfrog skeleton (D:5)
  2 hounds
  3 jellies (D:5)
  2 iguanas (D:4)
  A worker ant (D:5)
  A worker ant zombie (D:6)
  4 gnolls
  6 adders
  An ooze (D:1)
  An adder zombie (D:6)
  An adder skeleton (D:4)
  5 worms
  A dart slug (D:2)
  3 leopard geckos
  9 orcs
  A ball python (D:1)
  3 bat skeletons (D:5)
  2 bat zombies (D:5)
  A giant cockroach (D:6)
  5 goblins
  6 hobgoblins
  11 jackals
  10 kobolds
  3 quokkas
  9 bats
  10 frilled lizards
  2 leopard gecko skeletons
  A quokka skeleton (D:5)
  A quokka zombie (D:5)
  7 rats
124 creatures vanquished.

Vanquished Creatures (collateral kills)
  4 yaks (D:4)
  A centaur (D:5)
  A bullfrog (D:7)
  A scorpion (D:7)
  A bullfrog skeleton (D:5)
  A centaur skeleton (D:4)
  An orc wizard (D:3)
  An iguana (D:5)
  A worker ant (D:5)
  3 gnolls
  2 adders (D:3)
  2 worms
  A dart slug (D:3)
  A leopard gecko (D:2)
  2 orcs (D:3)
  2 jackals (D:3)
  A leopard gecko zombie (D:5)
  A rat (D:2)
  A spectral orc (D:2)
28 creatures vanquished.

Grand Total: 152 creatures vanquished

Notes
Turn   | Place    | Note
-------+----------+-------------------------------------------
     0 | D:1      | Inarius the Demonspawn Necromancer began the quest for the Orb.
     0 | D:1      | Reached XP level 1. HP: 13/13 MP: 3/3
     2 | D:1      | Learned a level 1 spell: Animate Skeleton
   331 | D:1      | Gained mutation: You are immune to rotting. [demonic ancestry]
   331 | D:1      | Reached XP level 2. HP: 10/19 MP: 3/5
   659 | D:1      | Reached skill level 5 in Necromancy
  1272 | D:2      | Gained mutation: A weak demonic guardian rushes to your aid. [demonic ancestry]
  1272 | D:2      | Reached XP level 3. HP: 23/25 MP: 3/6
  1415 | D:2      | Learned a level 3 spell: Vampiric Draining
  1510 | D:2      | Reached skill level 1 in Fighting
  1539 | D:2      | Found a faded altar of an unknown god.
  1771 | D:2      | Gained mutation: You are partially covered in iridescent scales. (AC +2) [demonic ancestry]
  1771 | D:2      | Reached XP level 4. HP: 31/32 MP: 3/7
  1991 | D:2      | Learned a level 3 spell: Regeneration
  2188 | D:2      | Found a basalt altar of Yredelemnul.
  2653 | D:3      | Reached XP level 5. HP: 24/38 MP: 4/9
  2727 | D:3      | Found a radiant altar of Vehumet.
  2746 | D:3      | Found a transporter.
  2755 | D:3      | Found a transporter.
  2948 | D:3      | Reached skill level 1 in Charms
  2993 | D:3      | Noticed Sigmund
  3012 | D:3      | Killed Sigmund
  3012 | D:3      | Reached skill level 1 in Armour
  3012 | D:3      | Reached skill level 6 in Necromancy
  3012 | D:3      | Gained mutation: A demonic guardian rushes to your aid. [demonic ancestry]
  3012 | D:3      | Reached XP level 6. HP: 35/44 MP: 0/10
  3672 | D:4      | Noticed a yak
  3674 | D:4      | Noticed a yak
  3674 | D:4      | Noticed a yak
  3674 | D:4      | Noticed a yak
  3675 | D:4      | Noticed a yak
  3677 | D:4      | Killed a yak
  3677 | D:4      | Reached skill level 7 in Necromancy
  3683 | D:4      | Killed a yak
  3683 | D:4      | Reached XP level 7. HP: 42/51 MP: 8/12
  3687 | D:4      | HP: 1/51 [yak (11)]
  3689 | D:4      | Killed a yak
  3690 | D:4      | Killed a yak
  3694 | D:4      | Killed a yak
  3800 | D:4      | Learned a level 4 spell: Animate Dead
  4202 | D:5      | Entered Level 5 of the Dungeon
  4227 | D:5      | Gained mutation: You have large cloven feet. [mutagenic meat]
  4228 | D:5      | Gained mutation: You have an increased reservoir of magic. (+10% MP) [mutagenic meat]
  4229 | D:5      | Gained mutation: You are weak. (Str -2) [mutagenic meat]
  4319 | D:5      | Reached XP level 8. HP: 57/58 MP: 13/15
  4430 | D:5      | Reached skill level 8 in Necromancy
  4878 | D:5      | Noticed Blork the orc
  4885 | D:5      | Killed Blork the orc
  5102 | D:5      | Found a glowing silver altar of Zin.
  5359 | D:5      | Found an ancient bone altar of Kikubaaqudgha.
  5364 | D:5      | Became a worshipper of Kikubaaqudgha
  5540 | D:6      | Found a sparkling altar of Nemelex Xobeh.
  5734 | D:6      | Found a deep blue altar of Sif Muna.
  5863 | D:6      | Found a stormy altar of Qazlal.
  6076 | D:7      | Found a shattered altar of Ashenzari.
  6111 | D:7      | Reached skill level 1 in Evocations
  6150 | D:7      | Reached skill level 9 in Necromancy
  6440 | D:7      | Got a twisted hand axe
  6441 | D:7      | Identified the +11 hand axe of Fac Zieneyd {elec, Int+5} (You found it on level 7 of the Dungeon)
  6460 | D:7      | Learned a level 4 spell: Control Undead
  6486 | D:7      | Found a staircase to the Ecumenical Temple.
  6533 | D:7      | Slain by an unseen horror

Skill      XL: |  1  2  3  4  5  6  7  8 |
---------------+-------------------------+-----
Necromancy     | 5 6 7 9 |  9.0
Fighting       | 1 2 3 |  3.8
Charms         | 1 2 3 |  3.1
Armour         | 1 2 3 |  3.5
Dodging        | 2 |  2.0
Spellcasting   | 3 4 |  4.9
Evocations     | 1 |  1.6
Stealth        | |  1.7

Action                   |  1- 3 |  4- 6 |  7- 9 || total
-------------------------+-------+-------+-------++-------
Melee: Dagger            |    31 |       |       ||    31
       Unarmed           |     1 |       |       ||     1
       Whip              |    11 |   105 |   175 ||   291
       Kick              |       |       |    40 ||    40
       Hand axe          |       |       |    17 ||    17
       Staff             |       |       |     6 ||     6
 Cast: Pain              |    53 |    77 |    55 ||   185
       Animate Skeleton  |    11 |    26 |     9 ||    46
       Vampiric Draining |     1 |     5 |     7 ||    13
       Regeneration      |       |     1 |     6 ||     7
       Animate Dead      |       |       |     6 ||     6
Evoke: Wand              |       |       |     2 ||     2
  Use: Scroll            |       |     6 |     1 ||     7
       Potion            |       |       |     5 ||     5
 Stab: Sleeping          |     2 |     2 |       ||     4
       Distracted        |       |     1 |     1 ||     2
  Eat: Chunk             |     4 |     6 |    15 ||    25
Armor: Robe              |     9 |     5 |       ||    14
       Leather armour    |       |    44 |       ||    44
       Ring mail         |       |     5 |   122 ||   127
Dodge: Dodged            |    40 |    80 |   151 ||   271
